 Dungeon Crawl Stone Soup version 0.21.1-1-g345015fe64 (webtiles) character file.

5287 Oravi the Slicer (level 10, -7/71 HPs)
             Began as a Halfling Fighter on Mar 28, 2018.
             Was a Priest of Okawaru.
             Mangled by a troll (9 damage)
             ... on level 9 of the Dungeon.
             The game lasted 00:46:36 (9043 turns).

Oravi the Slicer (Halfling Fighter)                 Turns: 9043, Time: 00:46:37

Health: -7/71      AC: 11    Str: 17    XL:     10   Next: 94%
Magic:  0/10       EV: 19    Int:  9    God:    Okawaru [***...]
Gold:   459        SH:  0    Dex: 20    Spells: 9/9 levels left

rFire    + + .     SeeInvis .   a - +1 rapier
rCold    x . .     Gourm    .   c - +0 shield
rNeg     . . .     Faith    .   i - +0 ring mail "Suguttesk" {Int+3 Dex+2}
rPois    .         Spirit   +   A - +1 helmet
rElec    .         Reflect  .   (no cloak)
rCorr    .         Harm     .   (no gloves)
MR       .....                  g - +0 pair of boots
Stlth    +.........             m - amulet of guardian spirit
HPRegen  0.21/turn              C - ring of protection from fire
MPRegen  0.12/turn              F - ring of fire

@: confused, heroism
A: small, mutation resistance 1
a: Heroism, Renounce Religion


You were on level 9 of the Dungeon.
You worshipped Okawaru.
Okawaru was most pleased with you.
You were not hungry.

You visited 2 branches of the dungeon, and saw 11 of its levels.

You collected 459 gold pieces.

Inventory:

Hand Weapons
 a - a +1 rapier (weapon)
 E - a +2 dagger of venom
Missiles
 e - 269 stones (quivered)
 x - 26 sling bullets
Armour
 b - a +0 scale mail
 c - a +0 shield (worn)
 g - a +0 pair of boots (worn)
 i - the +0 ring mail "Suguttesk" (worn) {Int+3 Dex+2}
   (You found it on level 5 of the Dungeon)

   It affects your intelligence (+3).
   It affects your dexterity (+2).
 A - a +1 helmet (worn)
Jewellery
 m - an amulet of guardian spirit (around neck)
 y - an uncursed ring of flight
 C - a ring of protection from fire (left hand)
 F - a ring of fire (right hand)
Scrolls
 d - 2 scrolls of magic mapping
 j - 7 scrolls of remove curse
 n - a scroll of teleportation
 r - a scroll of immolation
 s - a scroll of fog
 u - a scroll of fear
Potions
 l - a potion of lignification
 o - a potion of resistance
 q - 4 potions of agility
 t - 2 potions of ambrosia
 v - 4 potions of curing
 B - a potion of magic {unknown}
 H - a potion of flight {unknown}
 J - a potion of haste {unknown}
Comestibles
 f - 20 rations


   Skills:
 + Level 7.3(12.3) Fighting
 * Level 12.6(17.6) Short Blades
 + Level 6.2(11.2) Armour
 + Level 4.3(9.3) Dodging
 + Level 6.6(11.6) Shields
 + Level 1.1 Invocations


You had 9 spell levels left.
You didn't know any spells.

Dungeon Overview and Level Annotations

Branches:
Dungeon (10/15)            Temple (1/1) D:5
   Lair: D:8-11         Orc: D:9-12

Altars:
Ashenzari
Cheibriados
Dithmenos
Elyvilon
Fedhas
Gozag
Hepliaklqana
Kikubaaqudgha
Makhleb
Nemelex Xobeh
Okawaru
Qazlal
Ru
Sif Muna
Trog
Uskayaw
Vehumet
Wu Jian
Xom
Yredelemnul
Zin
The Shining One

Annotations:
D:6 Barra97's ghost, novice TrBe


Innate Abilities, Weirdness & Mutations

You are small and have problems with some larger weapons.
You are somewhat resistant to further mutation.


Message History

You gain the combat prowess of a mighty hero.
You block the iguana's attack. The troll misses you. The troll claws you.
The troll misses you.
You are confused.
You feel invigorated. The iguana completely misses you.
The troll closely misses you. The troll barely misses you.
The troll closely misses you.
You closely miss the troll.
The troll is heavily wounded.
The iguana bites you! The troll bites you.
* * * LOW HITPOINT WARNING * * *
The troll barely misses you. The troll claws you!
* * * LOW HITPOINT WARNING * * *
You're too confused!
You closely miss the troll.
The troll is heavily wounded.
The iguana bites you!
* * * LOW HITPOINT WARNING * * *
The troll bites you but does no damage. The troll claws you!
You die...

#.# ###'######### #.##
#...........# #..#
#...........# ##.##
#...........#
##..#########...........#
............'...........#
###.#########...........#
#.# ####l######## #.# #@#
#.# #T# #.# #.# #.# #.#
###.### #.# ......# #.#
......# #.# ......# #.##
....[.# #..##


You could see a troll and an iguana.

Vanquished Creatures
  A two-headed ogre (D:9)
  The ghost of DildoBatman the Sneak, an amateur FoEn (D:5)
  A spriggan (D:7)
  Sigmund (D:5)
  A wyvern (D:9)
  Eustachio (D:6)
  A water moccasin (D:8)
  3 orc warriors
  3 sky beasts
  An ice beast (D:10)
  3 phantoms
  5 ogres
  The ghost of DildoBatman the Sneak, an amateur FoEn (D:3)
  3 centaurs
  A crocodile (D:8)
  Blork the orc (D:4)
  6 bullfrogs
  A wyvern skeleton (D:9)
  2 scorpions
  A bullfrog zombie (D:8)
  A crimson imp (D:6)
  A centaur zombie (D:6)
  6 orc priests
  3 hounds
  4 jellies
  2 centaur skeletons
  A bullfrog skeleton (D:7)
  Jessica (D:3)
  An iguana (D:9)
  10 orc wizards
  3 worker ants
  2 hound zombies (D:6)
  3 hound skeletons (D:5)
  Robin (D:3)
  A howler monkey skeleton (D:5)
  9 gnolls
  7 adders
  11 oozes
  An adder skeleton (D:8)
  A worm (D:2)
  A dart slug (D:2)
  5 leopard geckos
  28 orcs
  4 ball pythons
  6 giant cockroaches
  21 goblins
  7 hobgoblins
  13 jackals
  14 kobolds
  2 quokkas
  3 bats (D:3)
  8 frilled lizards
  A leopard gecko zombie (D:6)
  9 rats
229 creatures vanquished.

Vanquished Creatures (others)
  2 fungi (D:2)
  6 toadstools (D:2)
8 creatures vanquished.

Grand Total: 237 creatures vanquished

Notes
Turn   | Place    | Note
-------+----------+-------------------------------------------
     0 | D:1      | Oravi the Halfling Fighter began the quest for the Orb.
     0 | D:1      | Reached XP level 1. HP: 15/15 MP: 1/1
    31 | D:1      | Reached XP level 2. HP: 21/21 MP: 2/2
   252 | D:1      | Reached skill level 3 in Short Blades
   252 | D:1      | Reached XP level 3. HP: 21/26 MP: 3/3
   751 | D:2      | Reached XP level 4. HP: 26/33 MP: 2/4
   863 | D:2      | Reached skill level 4 in Short Blades
   919 | D:2      | Reached XP level 5. HP: 30/37 MP: 2/5
   939 | D:2      | Reached skill level 5 in Short Blades
   945 | D:2      | Reached XP level 6. HP: 20/43 MP: 2/6
  1386 | D:2      | Reached skill level 6 in Short Blades
  1805 | D:3      | Noticed Sigmund
  1807 | D:3      | Noticed Jessica
  1881 | D:3      | Noticed DildoBatman's ghost (amateur FoEn)
  1908 | D:3      | Killed DildoBatman's ghost
  2054 | D:3      | Reached XP level 7. HP: 42/49 MP: 7/7
  2071 | D:3      | Killed Jessica
  2071 | D:3      | Reached skill level 7 in Short Blades
  2169 | D:3      | Noticed Robin
  2195 | D:3      | Found a shadowy altar of Dithmenos.
  2222 | D:3      | Killed Robin
  2528 | D:4      | Noticed Blork the orc
  2556 | D:4      | Killed Blork the orc
  2563 | D:4      | Reached skill level 8 in Short Blades
  2851 | D:4      | Found a shattered altar of Ashenzari.
  3050 | D:4      | Reached XP level 8. HP: 39/54 MP: 8/8
  3206 | D:4      | Reached skill level 9 in Short Blades
  3678 | D:5      | Entered Level 5 of the Dungeon
  3735 | D:5      | Reached skill level 5 in Fighting
  3813 | D:5      | Found a burning altar of Makhleb.
  3940 | D:5      | Found a staircase to the Ecumenical Temple.
  3948 | D:5      | Killed Sigmund
  3948 | D:5      | Reached skill level 10 in Short Blades
  3955 | Temple   | Entered the Ecumenical Temple
  4045 | Temple   | Became a worshipper of Warmaster Okawaru
  4253 | D:5      | Noticed DildoBatman's ghost (amateur FoEn)
  4307 | D:5      | Killed DildoBatman's ghost
  4307 | D:5      | Reached * piety under Okawaru
  4307 | D:5      | Reached skill level 11 in Short Blades
  4307 | D:5      | Reached XP level 9. HP: 28/62 MP: 6/9
  4731 | D:5      | Got a polished ring mail
  4742 | D:5      | Identified the cursed +0 ring mail "Suguttesk" {Int+3 Dex+2} (You found it on level 5 of the Dungeon)
  5465 | D:6      | Reached skill level 12 in Short Blades
  5468 | D:6      | Noticed Barra97's ghost (novice TrBe)
  5548 | D:6      | Noticed Eustachio
  5565 | D:6      | Killed Eustachio
  5595 | D:6      | Reached skill level 1 in Dodging
  5718 | D:6      | Found a stormy altar of Qazlal.
  5738 | D:6      | Reached ** piety under Okawaru
  6243 | D:7      | Reached XP level 10. HP: 62/69 MP: 10/10
  6562 | D:7      | Reached skill level 5 in Armour
  6595 | D:7      | Reached skill level 5 in Shields
  6953 | D:8      | Reached skill level 1 in Invocations
  7391 | D:8      | Reached *** piety under Okawaru
  7803 | D:9      | Noticed a two-headed ogre
  8492 | D:9      | Killed a two-headed ogre
  8923 | D:10     | Entered Level 10 of the Dungeon
  9043 | D:9      | HP: 2/71 [iguana (9)]
  9043 | D:9      | Mangled by a troll

Skill      XL: |  1  2  3  4  5  6  7  8  9 10 |
---------------+-------------------------------+-----
Fighting       | 3 4 5 6 7 |  7.3
Short Blades   | 3 4 5 6 8 11 12 | 12.6
Dodging        | 2 4 |  4.3
Armour         | 4 6 |  6.2
Shields        | 4 6 |  6.6
Invocations    | 1 |  1.1

Action                   |  1- 3 |  4- 6 |  7- 9 | 10-12 || total
-------------------------+-------+-------+-------+-------++-------
Melee: Rapier            |    94 |   175 |   544 |   191 ||  1004
       Dagger            |       |       |       |   161 ||   161
Invok: Heroism           |       |       |     3 |     6 ||     9
  Use: Potion            |       |     3 |     7 |     4 ||    14
       Scroll            |       |       |    10 |     7 ||    17
  Eat: Chunk             |       |     4 |     7 |     9 ||    20
       Ration            |       |       |     2 |       ||     2
Armor: Scale mail        |    34 |    78 |   104 |       ||   216
       Skin              |       |       |     4 |       ||     4
       Ring mail         |       |       |    39 |    48 ||    87
Dodge: Dodged            |    20 |    58 |   110 |    95 ||   283
Block: Shield            |    44 |    76 |   174 |   104 ||   398
